 Dungeon Crawl Stone Soup version 0.28.0 (webtiles) character file.

Game seed: 14032169761601935792

120 crazypyro the Skirmisher (level 5, 0/55 HPs)
             Began as an Ogre Monk on Feb 14, 2022.
             Slain by a jelly (2 damage)
             ... on level 1 of the Dungeon.
             The game lasted 00:03:41 (2945 turns).

crazypyro the Skirmisher (Ogre Monk)                Turns: 2945, Time: 00:03:42

Health: 0/55       AC: -13   Str: 17    XL:     5   Next: 4%
Magic:  5/5        EV: 10    Int: 11    God:
Gold:   75         SH:  0    Dex: 11    Spells: 4/4 levels left

rFire   . . .      SeeInvis .   h - +2 whip (venom)
rCold   + . .      Faith    .   (no shield)
rNeg    . . .      Spirit   .   b - +0 robe
rPois   .          Reflect  .   (helmet restricted)
rElec   .          Harm     .   (no cloak)
rCorr   .          Rampage  .   (gloves unavailable)
Will    .....                   (boots unavailable)
Stlth   ++........              (no amulet)
HPRegen 0.18/turn               e - ring of protection from cold
MPRegen 0.09/turn               (no ring)

@: corroded
A: large, unfitting armour, tough skin 1
a: no special abilities


You were on level 1 of the Dungeon.
You visited 1 branch of the dungeon, and saw 2 of its levels.

You collected 75 gold pieces.

Inventory:

Hand Weapons
 a - a +0 mace
 h - a +2 whip of venom (weapon)
Armour
 b - a +0 robe (worn)
Jewellery
 e - a ring of protection from cold (left hand)
Scrolls
 d - a scroll of teleportation {unknown}
 f - 2 scrolls of fear {unknown}
Potions
 c - a potion of ambrosia {unknown}
 g - a potion of might {unknown}
 i - a potion of curing {unknown}


   Skills:
 + Level 4.9 Fighting
 * Level 3.7 Maces & Flails
 + Level 3.3 Dodging
 + Level 2.2 Stealth


You had 4 spell levels left.
You didn't know any spells.
Your spell library contained the following spells:

 Spells                   Type           Power      Damage    Failure   Level
 Animate Skeleton         Necr           0%         N/A       34%         1
 Freeze                   Ice            0%         1d3       34%         1
 Pain                     Necr           0%         1d4       34%         1
 Frozen Ramparts          Ice            0%         1d2       71%         3
 Vampiric Draining        Necr           0%         2d6       71%         3
 Hailstorm                Conj/Ice       0%         3d3       98%         4
 Agony                    Necr           0%         N/A       100%        5
 Excruciating Wounds      Necr           0%         N/A       100%        5


Dungeon Overview and Level Annotations

Branches:
Dungeon (2/15)

Altars:


Innate Abilities, Weirdness & Mutations

You are too large for most types of armour.
You have tough skin. (AC +1)


Message History

The jelly closely misses you.
You see here a goblin skeleton.
You hit the jelly. The acid corrodes you!
Your hands burn!
The jelly is moderately wounded.
The jelly hits you.
You are splashed with acid!
You hit the jelly.
Your hands burn!
The jelly is heavily wounded.
The jelly barely misses you.
You hit the jelly but do no damage. The acid corrodes you!
Your hands burn!
The jelly is heavily wounded.
The jelly closely misses you.
You hit the jelly but do no damage.
Your hands burn!
The jelly is heavily wounded.
The jelly hits you. The acid corrodes you!
You are splashed with acid!
You are too injured to fight recklessly!
You are too injured to fight recklessly!
You hit the jelly but do no damage. The acid corrodes you!
Your hands burn!
* * * LOW HITPOINT WARNING * * *
The jelly is heavily wounded.
The jelly barely misses you.
There is an open door here.
You see here a +0 short sword.
There is an open door here.
There is an open gate here.
Items here: ( ))))) ÷÷÷.
There is an escape hatch in the ceiling here.
The jelly hits you.
You are splashed with acid!
* * * LOW HITPOINT WARNING * * *
A mysterious force pulls you upwards. The hatch slams shut behind you.
You hit the jelly but do no damage.
The jelly is poisoned.
Your hands burn!
* * * LOW HITPOINT WARNING * * *
The jelly is heavily wounded.
The jelly closely misses you.
You hit the jelly but do no damage.
The jelly looks even sicker.
The acid corrodes you!
Your hands burn!
* * * LOW HITPOINT WARNING * * *
The jelly is heavily wounded.
The jelly closely misses you. The jelly hits you.
You die...

<'....'..#..'...##.#..'.....#....
.'....'..#..'...##.#.##.....###..
.#.§≈.#≈.#.≈#.≈.##.#.##.....# #..
.#.≈≈.#≈.#.≈#8≈.##...##.....# #..
.#.§≈.#≈.#.≈#.≈.###..##.....###..
.#§§≈§#≈...≈#.≈.# #...........'..
.#.≈§.#≈≈≈≈≈#8≈.# #..######.###..
#############.≈.###..# #.#####
8..^....[..8..≈.@.#..######......
≈≈≈≈≈≈≈≈≈≈≈≈≈≈≈..J#...#........##
..................#...#........#
###############...#...#........##
#.# #...'...'....(....#.... #.#
#####...##..#####.#.... #.#
######...# #.#.... #.#
#.#.####>+.... #.# #.#..#.(.#....


You could see a jelly (very poisoned).

Vanquished Creatures
  A jelly (D:2)
  2 adders (D:2)
  An adder skeleton (D:2)
  2 worms (D:2)
  12 endoplasms
  A giant cockroach (D:1)
  4 goblins
  2 hobgoblins (D:1)
  8 jackals
  13 kobolds
  A ball python (D:2)
  2 bats
  2 frilled lizards (D:1)
  3 rats
54 creatures vanquished.

Vanquished Creatures (others)
  2 fungi (D:2)
  8 toadstools (D:2)
10 creatures vanquished.

Grand Total: 64 creatures vanquished

Notes
Turn   | Place    | Note
-------+----------+-------------------------------------------
     0 | D:1      | crazypyro the Ogre Monk began the quest for the Orb.
     0 | D:1      | Reached XP level 1. HP: 24/24 MP: 1/1
   196 | D:1      | Reached XP level 2. HP: 32/32 MP: 2/2
  1034 | D:2      | Reached XP level 3. HP: 34/40 MP: 3/3
  1808 | D:2      | Found a faded altar of an unknown god.
  1835 | D:2      | Reached XP level 4. HP: 26/49 MP: 4/4
  2432 | D:2      | HP: 2/49 [acid (9)]
  2437 | D:2      | HP: 2/49 [endoplasm (1)]
  2828 | D:2      | Reached XP level 5. HP: 44/55 MP: 5/5
  2944 | D:1      | HP: 2/55 [acid (4)]
  2945 | D:1      | Slain by a jelly

Illustrated notes

Levels and vault maps discovered:
D:1:      lightli_arrival_isolated_outpost, layout_basic
D:2:      cheibrodos_fertilizer, layout_loops_ring,
          dreamdust_ecumenical_altar_statues, grunt_decor_resistance

Skill      XL: |  1  2  3 |
---------------+----------+-----
Maces & Flails | 3 |  3.7
Dodging        | 3 |  3.3
Stealth        | 2 |  2.2
Fighting       | |  4.9

Action                   |  1- 3 |  4- 6 || total
-------------------------+-------+-------++-------
Melee: Mace              |   139 |    28 ||   167
       Punch             |     2 |       ||     2
       Whip              |       |    28 ||    28
 Stab: Sleeping          |     4 |       ||     4
       Distracted        |     1 |       ||     1
Armor: Robe              |    52 |    12 ||    64
Dodge: Dodged            |    83 |    18 ||   101
